 Dungeon Crawl Stone Soup version 0.32-a0-361-g289a535e89 (webtiles) character file.

Game seed: 15076180118213238726

1564 ytrimaz the Cudgeller (level 8, 0/90 HPs)
             Began as a Coglin Gladiator on Feb 18, 2024.
             Was a Believer of Okawaru.
             Slain by an ogre
             ... wielding a +0 giant club
              (14 damage)
             ... on level 4 of the Dungeon.
             The game lasted 00:10:11 (3880 turns).

ytrimaz the Cudgeller (Coglin Gladiator)            Turns: 3880, Time: 00:10:12

Health: 0/90       AC: 11    Str: 16    XL:     8   Next: 89%
Magic:  12/12      EV:  5    Int:  9    God:    Okawaru [**....]
Gold:   200        SH:  0    Dex: 15    Spells: 7/7 levels left

rFire   + . .        a - +1 flail (elec) {Kaori}
rCold   . . .        l - +0 mace (protect) {Ran}
rNeg    . . .        t - +0 plate armour
rPois   .            c - +0 helmet
rElec   .            (no cloak)
rCorr   +            (no gloves)
SInv    .            (no boots)
Will    .....        (no amulet) Stlth
                     k - ring of protection from fire
HPRegen 0.35/turn    s - ring of resist corrosion
MPRegen 0.13/turn

%: no passive effects
@: berserking, revving, stiff-legged, very slow
A: off-hand wielding, slow wielding, warmup strikes, warmup strides
a: Renounce Religion, Heroism


You were on level 4 of the Dungeon.
You worshipped Okawaru.
Okawaru was pleased with you.
You visited 1 branch of the dungeon, and saw 5 of its levels.
You also visited: Ossuary.

You collected 200 gold pieces.


Innate Abilities, Weirdness & Mutations

You can wield a second weapon in your off-hand.
It takes a long time for you to wield or remove held weapons.
Your first few attacks do less damage.
Your first movements take longer.


   Skills:
 - Level 4.0 Fighting
 + Level 7.1 Maces & Flails
 - Level 1.7 Throwing
 - Level 2.6 Dodging
 * Level 5.9 Invocations


You had 7 spell levels left.
You didn't know any spells.
Your spell library was empty.

Inventory:

Hand Weapons
 a - a +1 flail of electrocution (weapon) {Kaori}
 l - a +0 mace of protection (worn) {Ran}
   (You took it off an orc on level 3 of the Dungeon)
Missiles
 d - 3 throwing nets (quivered)
 e - a javelin
Armour
 b - a +1 leather armour
 c - a +0 helmet (worn)
 t - a +0 plate armour (worn)
   (You found it on level 4 of the Dungeon)
Jewellery
 k - a ring of protection from fire (left grasper)
   (You found it on level 2 of the Dungeon)
 s - a ring of resist corrosion (right grasper)
   (You found it on level 4 of the Dungeon)
Scrolls
 h - a scroll of enchant weapon
 p - 4 scrolls of enchant armour
 u - a scroll of brand weapon
 v - a scroll of fog
Potions
 f - a potion of curing
 g - a potion of haste {unknown}
 i - a potion of berserk rage
 j - 2 potions of heal wounds {unknown}
 m - a potion of enlightenment {unknown}
 n - 3 potions of brilliance {unknown}
 o - 3 potions of resistance {unknown}
 q - a potion of degeneration {unknown}
 r - a potion of mutation {unknown}

Dungeon Overview and Level Annotations

Branches:
Dungeon (5/15) Zot: 26622  Temple (0/1) D:4         Ossuary (visited)

Altars:
Cheibriados
Okawaru
Uskayaw
Vehumet
Xom

Shops:
D:2 (

Annotations:
D:3 3 runed translucent doors, Lightli's ghost, amateur CoEE
D:4 2 transporters

#####......# #...........# #
####.### #####.##.##.# #
#####)##### #....##.# #
#.........#########....##.### #
#.###...#.##..........#.....##
####.#####.#.##.........#.......#
......# #.#.##.................#
......# #.#(.........#.........#
......# ##.####o@.....###.......#
..#######.[.###.O.....# #)......#
#.# ##.#.#.##.......# ####.####
#.# #.##.##.######### #.# #.#
#.##.##.# #.# #.# #.##.##.#
######## #.# ..# #......##
#......# #.# ### #.#....#
###.####.# #.#
#.##.#.###......#.####.#


You could see an ogre and an orc.


Message History

The orc hits you but does no damage. x2 😕 HP[-3]
You take 3 damage, and now have 46/60 hp.
Unknown command.
You hit the orc but do no damage.
You hit the orc with your +1 flail of electrocution.
You feel sick. The orc completely misses you.
The orc hits you but does no damage. x2 😮 HP[-2]
You take 2 damage, and now have 44/60 hp.
You sock the orc with your +0 mace of protection!
You kill the orc!
Okawaru accepts your kill.
You feel sick.
The orc hits you but does no damage. x2 😮 HP[-1]
You take 1 damage, and now have 43/60 hp.
Unknown command.
You hit the orc with your +0 mace of protection.
You barely miss the orc with your +1 flail of electrocution.
You feel sick.
The orc hits you but does no damage. x3 😮 HP[-2]
You take 2 damage, and now have 41/60 hp.
You hit the orc but do no damage.
You closely miss the orc with your +0 mace of protection.
You feel sick.
The orc hits you but does no damage. x3 😮 HP[-1]
You take 1 damage, and now have 40/60 hp.
You barely miss the orc with your +0 mace of protection.
You hit the orc with your +1 flail of electrocution.
You feel sick.
The orc hits you but does no damage. x2 😮 HP[-1]
You take 1 damage, and now have 39/60 hp.
Unknown command.
You thump the orc with your +1 flail of electrocution!
You kill the orc!
Okawaru accepts your kill.
You feel sick. The orc hits you but does no damage. x3
You closely miss the orc with your +0 mace of protection.
You hit the orc with your +1 flail of electrocution.
Lightning courses through the orc!
You kill the orc!
Okawaru accepts your kill.
You feel sick.
The orc hits you but does no damage. x3 😮 HP[-1]
You take 1 damage, and now have 38/60 hp.
You sock the orc with your +0 mace of protection!
Your weapon exudes an aura of protection.
You kill the orc!
Okawaru accepts your kill.
You feel sick.
You are no longer poisoned.
The iguana barely misses you.
The orc hits you but does no damage. x2 😮 HP[-1]
You take 1 damage, and now have 37/60 hp.
You barely miss the iguana with your +1 flail of electrocution.
You hit the iguana with your +0 mace of protection.
The iguana bites you!
* * * LOW HITPOINT WARNING * * *
The orc hits you but does no damage. x2 😨 HP[-8]
You take 8 damage, and now have 29/60 hp.
Unknown command.
You hit the iguana but do no damage. Lightning courses through the iguana!!
You kill the iguana!
Okawaru accepts your kill. The orc hits you but does no damage.
The orc barely misses you.
An ogre comes into view. It is wielding a +0 giant club.
The ogre shouts!
The orc hits you but does no damage. The orc attacks as it pursues you!
The orc barely misses you. x2; The orc hits you but does no damage.
Items here: )) [ †††. 😨 HP[+1] Unknown command.
Things that are here:
a +0 club; a +0 club; a +0 chain mail You hit the orc with your +1 flail of electrocution.
You kill the orc!
Okawaru accepts your kill. The orc barely misses you.
The orc attacks as it pursues you! The orc barely misses you.
A howler monkey comes into view.
The orc hits you but does no damage.
There is a stone staircase leading up here. 😮 HP[+1]
The howler monkey howls!
The ogre hits you with a +0 giant club!!
* * * LOW HITPOINT WARNING * * *
The orc hits you but does no damage.
You climb upwards.
Level annotation: 2 transporters
There is a stone staircase leading down here. 😱 HP[-21]
You take 21 damage, and now have 10/60 hp.
MASSIVE DAMAGE!! (PAUSE)
A red film seems to cover your vision as you go berserk!
You feel yourself moving faster!
You feel mighty! The orc hits you with a +0 hand axe.
* * * LOW HITPOINT WARNING * * *
The ogre hits you with a +0 giant club!
You die...

Skill      XL: |  1  2  3  4  5  6  7  8 |
---------------+-------------------------+-----
Maces & Flails | 3 4 5 6 7 |  7.1
Fighting       | 3 4 |  4.0
Invocations    | 2 3 5 |  5.9
Throwing       | |  1.7
Dodging        | |  2.6

Action                     |  1- 3 |  4- 6 |  7- 9 || total
---------------------------+-------+-------+-------++-------
  Melee: Flail             |    74 |    99 |   138 ||   311
         Club              |    22 |    22 |       ||    44
         Mace              |       |    70 |   120 ||   190
 Invoke: Heroism           |       |       |     1 ||     1
    Use: Scroll            |     3 |     2 |     5 ||    10
         Potion            |       |       |     2 ||     2
 Armour: Leather armour    |    55 |    64 |       ||   119
         Plate armour      |       |    12 |   193 ||   205
  Dodge: Dodged            |    63 |    79 |    29 ||   171

Levels and vault maps discovered:
D:1:      lightli_arrival_chessboard, layout_basic
D:2:      layout_loops_ring, hellmonk_ecumenical_altar_zigzags, serial_shops,
          shop
D:3:      layout_basic, chequers_temple_overflow_minitemple,
          gammafunk_ghost_split, minivault_24, minmay_goblin_kobold_house
D:4:      gammafunk_steamed_eel, layout_loops_cross, minmay_temple_entry_hall,
          enter_ossuary_1
D:5:      layout_layer_cave

Notes
Turn   | Place    | Note
-------+----------+-------------------------------------------
     0 | D:1      | ytrimaz the Coglin Gladiator began the quest for the Orb.
     0 | D:1      | Reached XP level 1. HP: 16/16 MP: 1/1
     0 | D:1      | magus.rc [v1.9.6]
   100 | D:1      | Reached skill level 3 in Maces & Flails
   100 | D:1      | Reached XP level 2. HP: 20/22 MP: 2/2
   271 | D:1      | Reached XP level 3. HP: 22/28 MP: 3/3
   537 | D:2      | Found a faded altar of an unknown god.
   794 | D:2      | Reached XP level 4. HP: 34/34 MP: 4/4
   856 | D:2      | Reached skill level 4 in Maces & Flails
  1072 | D:2      | Found Begrimi's Weapon Shoppe.
  1098 | D:2      | Reached skill level 3 in Fighting
  1271 | D:3      | Reached XP level 5. HP: 30/41 MP: 5/5
  1415 | D:3      | Found a runed translucent gate.
  1415 | D:3      | Found a runed translucent gate.
  1416 | D:3      | Found a runed translucent gate.
  1418 | D:3      | Noticed an ice beast
  1420 | D:3      | Noticed a phantom
  1422 | D:3      | Noticed Lightli's ghost (amateur CoEE)
  1541 | D:3      | Found an iron altar of Okawaru.
  1541 | D:3      | Found a shimmering altar of Xom.
  1548 | D:3      | Found a hide-covered altar of Uskayaw.
  1550 | D:3      | Found a snail-covered altar of Cheibriados.
  1552 | D:3      | Found a radiant altar of Vehumet.
  1641 | D:3      | Became a worshipper of Warmaster Okawaru
  1898 | D:3      | Reached skill level 5 in Maces & Flails
  1898 | D:3      | Reached XP level 6. HP: 37/48 MP: 6/6
  2189 | D:3      | Reached skill level 4 in Fighting
  2474 | D:4      | Found a transporter.
  2558 | D:4      | Found a transporter.
  2616 | D:4      | Reached skill level 1 in Invocations
  2657 | D:4      | Found a staircase to the Ecumenical Temple.
  2735 | D:4      | Noticed an ice beast
  2745 | D:4      | Killed an ice beast
  2746 | D:4      | Reached skill level 2 in Invocations
  2746 | D:4      | Reached XP level 7. HP: 31/54 MP: 8/8
  2753 | D:4      | Reached * piety under Okawaru
  2767 | D:4      | Found a sand-covered staircase.
  2788 | Ossuary  | Entered an ossuary
  2905 | Ossuary  | Reached skill level 3 in Invocations
  3016 | Ossuary  | Reached skill level 6 in Maces & Flails
  3264 | Ossuary  | Reached XP level 8. HP: 27/60 MP: 10/10
  3280 | Ossuary  | Reached skill level 4 in Invocations
  3637 | D:4      | Noticed a two-headed ogre
  3647 | D:4      | Killed a two-headed ogre
  3647 | D:4      | Reached ** piety under Okawaru
  3648 | D:4      | Reached skill level 7 in Maces & Flails
  3648 | D:4      | Reached skill level 5 in Invocations
  3846 | D:5      | Entered Level 5 of the Dungeon
  3878 | D:5      | HP: 9/60 [ogre/+0 giant club (22)]
  3880 | D:4      | Slain by an ogre

Vanquished Creatures
  A two-headed ogre (D:4)
  An ice beast (D:4)
  A weeping skull (Ossuary)
  A scorpion (D:3)
  5 human zombies (Ossuary)
  A bombardier beetle (D:4)
  A jelly (D:4)
  A centaur zombie (Ossuary)
  A sleepcap (D:3)
  2 iguanas
  2 orc wizards
  A bullfrog simulacrum (Ossuary)
  A crocodile zombie (Ossuary)
  3 mummies (Ossuary)
  5 adders
  3 gnolls (D:3)
  6 adder zombies (Ossuary)
  3 dart slugs
  A ribbon worm (D:2)
  16 orcs
  3 ball pythons
  9 endoplasms
  2 giant cockroaches
  2 gnoll zombies (Ossuary)
  10 goblins
  5 hobgoblins
  5 jackals
  11 kobolds
  2 quokkas
  5 ball python zombies (Ossuary)
  5 bats
  2 frilled lizards
  2 jackal zombies (Ossuary)
  3 kobold zombies (Ossuary)
  2 orc zombies (Ossuary)
  2 rats
126 creatures vanquished.

Table legend:
 A = Non-vault XP
 B = Vault XP
 C = Vault XP percentage of total XP
 D = Non-vault monster count
 E = Vault monster count
 F = Vault count percentage of total count
                 A         B        C        D         E       F
            +---------+---------+-------+---------+---------+-------
      Total |    1674 |     561 |  25.1 |      89 |      37 |  29.4
            +---------+---------+-------+---------+---------+-------
        D:1 |      44 |       0 |   0.0 |      16 |       0 |   0.0
        D:2 |      57 |       0 |   0.0 |      11 |       0 |   0.0
        D:3 |     283 |      10 |   3.4 |      29 |       5 |  14.7
        D:4 |    1186 |       0 |   0.0 |      24 |       0 |   0.0
        D:5 |     104 |       0 |   0.0 |       9 |       0 |   0.0
    Ossuary |       0 |     551 | 100.0 |       0 |      32 | 100.0
            +---------+---------+-------+---------+---------+-------

Skill      XL: |  1  2  3  4  5  6  7  8 |
---------------+-------------------------+-----
Maces & Flails | 3 4 5 6 7 |  7.1
Fighting       | 3 4 |  4.0
Invocations    | 2 3 5 |  5.9
Throwing       | |  1.7
Dodging        | |  2.6

Action                     |  1- 3 |  4- 6 |  7- 9 || total
---------------------------+-------+-------+-------++-------
  Melee: Flail             |    74 |    99 |   138 ||   311
         Club              |    22 |    22 |       ||    44
         Mace              |       |    70 |   120 ||   190
 Invoke: Heroism           |       |       |     1 ||     1
    Use: Scroll            |     3 |     2 |     5 ||    10
         Potion            |       |       |     2 ||     2
 Armour: Leather armour    |    55 |    64 |       ||   119
         Plate armour      |       |    12 |   193 ||   205
  Dodge: Dodged            |    63 |    79 |    29 ||   171

Illustrated notes

Table legend:
 A = Kills in this place as a percentage of kills in the entire game.
 B = Kills by you in this place as a percentage of kills by you in the entire game.
 C = Kills by friends in this place as a percentage of kills by friends in the entire game.
 D = Other kills in this place as a percentage of other kills in the entire game.
 E = Experience gained in this place as a percentage of experience gained in the entire game.
 F = Experience gained in this place divided by the number of levels of this place that you have seen.
                   A       B       C       D       E      F
               +-------+-------+-------+-------+-------+----------------------
         Total | 100.0 | 100.0 |   N/A |   N/A | 100.0 | 372.5
       Dungeon |  74.6 |  74.6 |   N/A |   N/A |  75.3 | 336.8
       Ossuary |  25.4 |  25.4 |   N/A |   N/A |  24.7 | 551.0
               +-------+-------+-------+-------+-------+----------------------

Table legend: (Time is in decaauts)
 A = Elapsed time spent in this place.
 B = Non-inter-level travel time spent in this place.
 C = Inter-level travel time spent in this place.
 D = Time resting spent in this place.
 E = Time spent auto-exploring this place.
 F = Levels seen in this place.
 G = Mean time per level.
                   A        B        C        D        E       F      G
               +--------+--------+--------+--------+--------+-----+--------+
         Total |   4116 |   4062 |     54 |      0 |   2862 |   6 |  686.0 |
       Dungeon |   3376 |   3322 |     54 |      0 |   2425 |   5 |  675.2 |
       Ossuary |    739 |    739 |      0 |      0 |    437 |   1 |  739.0 |
               +--------+--------+--------+--------+--------+-----+--------+

Top non-repeatable levels by time:
     D:3: 1239 daAuts
     D:4: 845 daAuts
     D:2: 775 daAuts
 Ossuary: 739 daAuts
     D:1: 479 daAuts
     D:5: 37 daAuts
